 Dungeon Crawl Stone Soup version 0.30-a0-738-g116ff8c4af (webtiles) character file.

Game seed: 3306134776165895677

3254 kiwi3s the Cleaver (level 9, -10/123 HPs)
             Began as a Minotaur Berserker on Feb 3, 2023.
             Was an Elder of Trog.
             Mangled by Joseph
             ... wielding a +0 quarterstaff
              (12 damage)
             ... on level 8 of the Dungeon.
             The game lasted 00:06:27 (7572 turns).

kiwi3s the Cleaver (Minotaur Berserker)             Turns: 7572, Time: 00:06:28

Health: -10/123    AC: 24    Str: 32    XL:     9   Next: 67%
Magic:  8/8        EV:  2    Int:  4    God:    Trog [****..]
Gold:   149        SH:  0    Dex: 10    Spells: 8/8 levels left

rFire   . . .      SeeInvis .    a - +0 hand axe
rCold   . . .      Faith    .    (no shield)
rNeg    . . .      Spirit   .    (body armour currently unavailable)
rPois   +          Reflect  .    (helmet currently unavailable)
rElec   .          Harm     .    (cloak currently unavailable)
rCorr   .          Rampage  .    (gloves currently unavailable)
Will    .....      NoTele   +    (boots currently unavailable)
Stlth   +                        (no amulet)
HPRegen 0.40/turn                G - +6 ring of strength
MPRegen 0.11/turn                (no ring)

@: tree-form, on berserk cooldown, slowed, very slow
A: stationary, stasis, torment immunity, boosted hp, (horns 2), (retaliatory
headbutt)
a: Renounce Religion, Berserk, Trog's Hand, Brothers in Arms


You were on level 8 of the Dungeon.
You worshipped Trog.
Trog was greatly pleased with you.
You were a tree.
You visited 1 branch of the dungeon, and saw 8 of its levels.

You collected 509 gold pieces.
You spent 360 gold pieces at shops.

Inventory:

Hand Weapons
 a - a +0 hand axe (weapon)
Missiles
 h - 18 javelins (quivered)
Armour
 b - a +0 animal skin
 g - a +0 cloak (melded)
 p - a +0 plate armour (melded)
 H - +0 steam dragon scales
Jewellery
 E - a ring of ice
 G - a +6 ring of strength (left branch)
 J - a +6 ring of strength
Wands
 w - a wand of mindburst (20)
 y - a wand of polymorph (5)
 F - a wand of roots (3)
Scrolls
 f - 8 scrolls of identify {unknown}
 i - a scroll of blinking {unknown}
 l - 2 scrolls of poison {unknown}
 n - a scroll of vulnerability {unknown}
 o - 3 scrolls of teleportation {unknown}
 q - 2 scrolls of noise {unknown}
 s - a scroll of silence {unknown}
 t - 2 scrolls of enchant armour {unknown}
 v - 2 scrolls of butterflies {unknown}
 A - a scroll of magic mapping {unknown}
 C - 2 scrolls of amnesia {unknown}
 D - a scroll of enchant weapon {unknown}
Potions
 c - 4 potions of lignification
 d - 4 potions of curing
 j - 2 potions of flight
 k - 4 potions of brilliance {unknown}
 m - 4 potions of haste {unknown}
 r - a potion of cancellation {unknown}
 u - 2 potions of heal wounds {unknown}
 x - 2 potions of magic {unknown}
 z - 2 potions of mutation {unknown}
 B - a potion of experience {unknown}
 I - a potion of resistance {unknown}


   Skills:
 + Level 8.7 Fighting
 + Level 11.8 Axes
 + Level 8.8 Armour
 + Level 3.2 Dodging


You had 8 spell levels left.
You didn't know any spells.
Your spell library was empty.

Dungeon Overview and Level Annotations

Branches:
Dungeon (8/15)             Temple (0/1) D:5
   Lair: D:8-11

Altars:
Dithmenos
Elyvilon
Fedhas
Gozag
Hepliaklqana
Kikubaaqudgha
Makhleb
Nemelex Xobeh
Okawaru
Qazlal
Ru
Sif Muna
Vehumet
Yredelemnul
The Shining One

Shops:
D:4 :=   D:7 [

Annotations:
D:8 Joseph


Innate Abilities, Weirdness & Mutations

You are a tree.
Your roots penetrate the ground, keeping you stationary.
You cannot be teleported.
You are immune to unholy pain and torment.
Your maximum health is greatly increased.
Your equipment is partially melded.
((You have a pair of horns on your head.))
((You reflexively headbutt those who attack you in melee.))


Message History

Joseph says, "I'm here to kill trespassers.
I like my job."
Joseph hits you but does no damage. Joseph hits you with a +0 quarterstaff.
* * * LOW HITPOINT WARNING * * *
Joseph unwields a +0 quarterstaff.
Joseph wields a +1 sling of freezing.
It is covered in frost.
Joseph shoots a sling bullet.
The sling bullet hits you but does no damage.
Joseph shoots a sling bullet.
The sling bullet barely misses you.
Joseph unwields a +1 sling of freezing.
Joseph wields a +0 quarterstaff.
Joseph hits you but does no damage. x2
You barely miss Joseph.
Joseph is severely wounded.
A wight comes into view. It is wielding a +0 battleaxe.
Joseph hits you with a +0 quarterstaff!
* * * LOW HITPOINT WARNING * * *
You barely miss Joseph. You headbutt Joseph, but do no damage.
Joseph is heavily wounded.
Joseph completely misses you.
You closely miss Joseph.
Joseph is heavily wounded.
Joseph hits you with a +0 quarterstaff.
* * * LOW HITPOINT WARNING * * *
It was a potion of lignification.
You turn into a tree.
Your +0 cloak melds into your body.
Your +0 plate armour melds into your body.
Your roots penetrate the ground.
Joseph hits you but does no damage.
Okay, then.
You barely miss Joseph.
Joseph is heavily wounded.
Joseph hits you but does no damage.
It was a potion of curing.
You feel better. Joseph hits you but does no damage.
Joseph hits you with a +0 quarterstaff.
* * * LOW HITPOINT WARNING * * *
It was a potion of berserk rage.
You're still recovering from your berserk rage.
Joseph hits you but does no damage.
It was a potion of flight.
Your roots keep you in place.
Joseph hits you with a +0 quarterstaff!
* * * LOW HITPOINT WARNING * * *
Joseph hits you with a +0 quarterstaff!
You die...

#..⌠...⌠..#
#....##
#.?.......#
#....#
#.........#
##.### #..⌠.⌠..#
#.# #.....# #.#
#.[.# ##.# #z#
####..#
###@######....##
#.♣...#....####
###.....####
#######


You could see Joseph and a wight.

Vanquished Creatures
  Maggie (D:7)
  A hornet (D:8)
  2 steam dragons
  An orc warrior (D:6)
  2 sky beasts
  3 ice beasts
  An ogre (D:5)
  A centaur (D:7)
  A phantom (D:5)
  5 bullfrogs
  3 necrophages
  A scorpion (D:5)
  8 wights
  A killer bee (D:8)
  A bullfrog zombie (D:4)
  A centaur zombie (D:4)
  A human zombie (D:4)
  A hound (D:5)
  2 jellies (D:6)
  3 orc priests
  4 iguanas
  A scorpion zombie (D:4)
  2 hound zombies (D:4)
  2 mummies (D:4)
  8 adders
  A shadow imp (D:6)
  4 white imps
  An ufetubus (D:5)
  4 worms
  4 dart slugs
  21 orcs
  6 ball pythons
  4 bats
  3 endoplasms
  7 giant cockroaches
  6 goblins
  4 hobgoblins
  9 kobolds
  3 quokkas
  4 frilled lizards
  4 rats
142 creatures vanquished.

Notes
Turn   | Place    | Note
-------+----------+-------------------------------------------
     0 | D:1      | kiwi3s the Minotaur Berserker began the quest for the Orb.
     0 | D:1      | Reached XP level 1. HP: 19/19 MP: 0/0
   154 | D:1      | Found a faded altar of an unknown god.
   156 | D:1      | Reached XP level 2. HP: 27/27 MP: 1/1
   227 | D:1      | Reached skill level 4 in Axes
   862 | D:2      | Reached XP level 3. HP: 30/33 MP: 2/2
   981 | D:2      | Reached ** piety under Trog
  1682 | D:3      | Reached XP level 4. HP: 27/41 MP: 3/3
  1832 | D:3      | Reached skill level 5 in Axes
  2537 | D:3      | Noticed a shadow
  2540 | D:3      | Found a shadowy altar of Dithmenos.
  2541 | D:3      | Found a hazy altar of Hepliaklqana.
  2618 | D:4      | Found Laapno Ohugh's Book Emporium.
  2692 | D:4      | Reached XP level 5. HP: 19/47 MP: 4/4
  2822 | D:4      | Reached *** piety under Trog
  2846 | D:4      | Reached skill level 5 in Fighting
  2963 | D:4      | Found Ittick's Jewellery Emporium.
  3014 | D:4      | Found a sparkling altar of Nemelex Xobeh.
  3366 | D:4      | Reached skill level 6 in Axes
  3375 | D:4      | Reached XP level 6. HP: 54/56 MP: 5/5
  3578 | D:4      | Reached skill level 7 in Axes
  3625 | D:4      | Reached XP level 7. HP: 62/62 MP: 6/6
  3630 | D:4      | Found an ancient bone altar of Kikubaaqudgha.
  3859 | D:5      | Entered Level 5 of the Dungeon
  3949 | D:5      | Reached skill level 8 in Axes
  4148 | D:5      | Found a staircase to the Ecumenical Temple.
  4150 | D:5      | Found a stormy altar of Qazlal.
  4470 | D:5      | Reached skill level 5 in Armour
  4849 | D:5      | Reached XP level 8. HP: 67/71 MP: 7/7
  4911 | D:6      | Reached skill level 9 in Axes
  4927 | D:6      | Reached **** piety under Trog
  5152 | D:6      | Found an opulent altar of Gozag.
  5439 | D:6      | Reached skill level 10 in Axes
  6117 | D:4      | Bought a +6 ring of strength for 360 gold pieces
  6174 | D:7      | Noticed Maggie
  6194 | D:7      | Killed Maggie
  6195 | D:7      | Reached XP level 9. HP: 18/81 MP: 8/8
  6994 | D:7      | Found a white marble altar of Elyvilon.
  6995 | D:7      | Found a burning altar of Makhleb.
  6998 | D:7      | Found a sacrificial altar of Ru.
  7009 | D:7      | Reached skill level 11 in Axes
  7027 | D:7      | Found a blossoming altar of Fedhas.
  7029 | D:7      | Found a radiant altar of Vehumet.
  7030 | D:7      | Found an iron altar of Okawaru.
  7032 | D:7      | Found a shimmering blue altar of Sif Muna.
  7036 | D:7      | Found a glowing golden altar of the Shining One.
  7039 | D:7      | Found a basalt altar of Yredelemnul.
  7071 | D:7      | Found Peici's Antique Armour Emporium.
  7518 | D:8      | Noticed Joseph
  7520 | D:8      | Paralysed by a hornet for 3 turns
  7567 | D:8      | HP: 1/82 [Joseph/+0 quarterstaff (5)]
  7572 | D:8      | HP: 2/123 [Joseph/+0 quarterstaff (9)]
  7572 | D:8      | Mangled by Joseph

Illustrated notes

Levels and vault maps discovered:
D:1:      heliophobic_arrival_henge, layout_basic,
          shapermc_ecumenical_altar_rom_forum, ebering_dispersal_statue_hall
D:2:      layout_loops_ring, serial_aquarium, aquarium_bridge_square
          [aquarium_subvault_wall, aquarium_subvault_wall,
          aquarium_subvault_window, aquarium_subvault_bridge],
          aquarium_window_2, aquarium_window_fake, aquarium_window_2,
          aquarium_window_corner, aquarium_view_2c, aquarium_view_2a,
          aquarium_balcony_3b
D:3:      layout_basic, riverfiend_overflow_shadow_ancestor,
          minmay_joined_circles
D:4:      layout_basic, lemuel_mausoleum_altar_kikubaaqudgha, kennysheep_mini,
          serial_shops, kennysheep_mini_moat, minmay_shop_enchanted_jewellery
D:5:      layout_loops_ring, mainiacjoe_overflow_brackets,
          minmay_temple_entry_offerings
D:6:      layout_layer_cave, grunt_gozag_breadcrumbs, minmay_diced_spiral
D:7:      layout_basic, nicolae_overflow_hallway_of_the_gods, serial_shops,
          shop, minmay_misc_feat_nine_boxes, uniq_maggie
D:8:      kennysheep_ambush_hall, layout_basic, lair_entry_dummy, uniq_joseph

Skill      XL: |  1  2  3  4  5  6  7  8  9 |
---------------+----------------------------+-----
Fighting       | 4 5 6 7 8 |  8.7
Axes           | 4 5 6 7 8 10 11 | 11.8
Armour         | 3 4 5 7 8 |  8.8
Dodging        | 3 |  3.2

Action                     |  1- 3 |  4- 6 |  7- 9 || total
---------------------------+-------+-------+-------++-------
  Melee: Hand axe          |    81 |   173 |   260 ||   514
         Headbutt          |     8 |    23 |    48 ||    79
         Punch             |       |     1 |     2 ||     3
 Invoke: Berserk           |       |       |     3 ||     3
    Use: Potion            |       |       |     4 ||     4
 Armour: Animal skin       |    11 |       |       ||    11
         Plate armour      |     7 |    99 |   144 ||   250
         Skin              |       |       |     4 ||     4
  Dodge: Dodged            |    42 |    40 |    79 ||   161

Table legend: (Time is in decaauts)
 A = Elapsed time spent in this place.
 B = Non-inter-level travel time spent in this place.
 C = Inter-level travel time spent in this place.
 D = Time resting spent in this place.
 E = Time spent auto-exploring this place.
 F = Levels seen in this place.
 G = Mean time per level.
                   A        B        C        D        E       F      G
               +--------+--------+--------+--------+--------+-----+--------+
         Total |   7548 |   6986 |    562 |    790 |   5240 |   8 |  943.5 |
       Dungeon |   7548 |   6986 |    562 |    790 |   5240 |   8 |  943.5 |
               +--------+--------+--------+--------+--------+-----+--------+

Top non-repeatable levels by time:
     D:4: 1324 daAuts
     D:7: 1268 daAuts
     D:6: 1177 daAuts
     D:3: 1080 daAuts
     D:5: 1068 daAuts
     D:1: 759 daAuts
     D:2: 751 daAuts
     D:8: 118 daAuts
